AoeStats
← 小花花

Arena

510749210Analyzed
4v4 RM · 1d ago on Oct 2, 2026· 85m 48s· 8 players
Game mode
Random Map
Map size
Large (8 player)
Population
200
Speed
Normal
Resources
Standard
Victory
Conquest
Starting age
Dark Age
Ending age
Imperial Age
RankedLock teamsTeams togetherTeam positionsShared explorationLock speedFull tech treeHidden civsTurbo modeCheats
Victory
Defeat
🇺🇸 Wei · United States
1268
+16
🇨🇳 Franks · China
1268
+16
🇭🇰 Inca · Hong Kong SAR China
1267
+16
🇲🇽 Bohemians · Mexico
1262
+16
🇬🇧 Mongols · United Kingdom
1309
-18
🇹🇷 Persians · Türkiye
1261
-16
🇩🇪 Varangians · Germany
1231
-15
🇮🇶 Cumans · Iraq
1231
-15
JAM
0:26 Loom
11:37 Feudal Age
12:21 Double-Bit Axe
16:38 Castle Age
16:19 Horse Collar
16:51 Gold Mining
17:47 Bow Saw
17:46 Heavy Plow
22:38 Wheelbarrow
22:17 Town Watch
22:44 Stone Mining
23:33 Scale Mail Armor
26:21 Chain Mail Armor
26:17 Forging
26:59 Stone Shaft Mining
27:05 Squires
26:51 Arson
26:51 Gambesons
27:38 Hand Cart
28:42 Iron Casting
31:52 Imperial Age
30:36 Fletching
31:54 Bodkin Arrow
32:18 Capped Ram
33:10 Gothikon
34:20 Elite Varangian Guard
36:10 Conscription
36:47 Plate Mail Armor
39:23 Blast Furnace
38:24 Padded Archer Armor
38:25 Bracer
38:21 Elite Skirmisher
42:49 Leather Archer Armor
43:44 Two-Man Saw
46:01 Ballistics
46:45 Chemistry
48:59 Crop Rotation
50:20 Murder Holes
51:00 Ring Archer Armor
52:23 Siege Ram
62:12 Pikeman
64:17 Halberdier
68:37 Siege Engineers
79:45 Heavy Scorpion
Sâhibü-s Seyf
9:47 Feudal Age
14:11 Castle Age
12:30 Double-Bit Axe
13:08 Horse Collar
13:37 Loom
14:44 Town Watch
24:29 Scale Barding Armor
24:16 Fletching
27:09 Forging
28:52 Ballistics
28:28 Murder Holes
30:33 Husbandry
31:02 Bow Saw
31:27 Bloodlines
31:39 Chain Barding Armor
31:55 Iron Casting
35:20 Iron Casting
40:06 Imperial Age
45:36 Light Cavalry
50:32 Blast Furnace
50:37 Plate Barding Armor
51:54 Wheelbarrow
52:49 Capped Ram
53:29 Heavy Camel Rider
63:57 Masonry
71:18 Hussar
79:43 Scale Mail Armor
80:14 Pikeman
80:55 Squires
80:40 Arson
84:44 Heavy Plow
Sheepeehs
8:54 Feudal Age
13:06 Castle Age
11:44 Double-Bit Axe
12:12 Horse Collar
18:35 Loom
19:33 Wheelbarrow
21:29 Hand Cart
24:18 Gold Mining
29:41 Imperial Age
28:59 Stone Mining
30:14 Fletching
31:13 Stone Shaft Mining
31:15 Gold Shaft Mining
30:52 Bow Saw
30:43 Heavy Plow
30:45 Padded Archer Armor
30:56 Bodkin Arrow
31:01 Padded Archer Armor
31:56 Conscription
31:27 Elite Mangudai
32:51 Ballistics
33:20 Bracer
34:24 Chemistry
33:47 Town Watch
34:38 Nomads
35:49 Leather Archer Armor
36:26 Town Patrol
36:31 Capped Ram
38:19 Drill
39:44 Siege Engineers
39:03 Siege Ram
42:24 Thumb Ring
42:31 Bloodlines
42:21 Husbandry
44:13 Parthian Tactics
49:12 Squires
49:04 Light Cavalry
50:26 Scale Barding Armor
50:31 Forging
49:54 Hussar
53:42 Chain Barding Armor
56:05 Iron Casting
63:31 Blast Furnace
81:03 Elite Skirmisher
ahmady sulaymani
6:00 Loom
9:00 Feudal Age
10:19 Double-Bit Axe
12:54 Horse Collar
22:43 Castle Age
21:57 Wheelbarrow
22:11 Stone Mining
22:20 Gold Mining
23:53 Hand Cart
23:50 Bow Saw
23:42 Heavy Plow
32:38 Imperial Age
30:11 Fletching
30:29 Thumb Ring
31:50 Bloodlines
32:14 Bodkin Arrow
32:19 Padded Archer Armor
32:41 Ballistics
32:32 Masonry
34:02 Conscription
34:57 Two-Man Saw
35:01 Cuman Mercenaries
36:10 Elite Kipchak
37:09 Leather Archer Armor
38:10 Parthian Tactics
38:41 Ring Archer Armor
40:42 Chemistry
41:19 Scale Barding Armor
41:24 Forging
42:07 Light Cavalry
43:13 Chain Barding Armor
45:28 Plate Barding Armor
46:07 Iron Casting
45:56 Hussar
50:04 Crop Rotation
50:38 Blast Furnace
51:18 Steppe Husbandry
51:59 Hoardings
54:36 Onager
55:47 Guilds
67:35 Elite Skirmisher
81:09 Pikeman
81:50 Squires
81:37 Arson
83:48 Halberdier
BrownBomber81
7:47 Loom
11:24 Feudal Age
15:33 Castle Age
13:52 Double-Bit Axe
14:05 Horse Collar
14:37 Gold Mining
15:11 Stone Mining
16:28 Bow Saw
16:59 Heavy Plow
19:20 Wheelbarrow
20:32 Gold Shaft Mining
20:23 Fletching
23:36 Bodkin Arrow
25:48 Thumb Ring
25:45 Padded Archer Armor
27:06 Bloodlines
27:41 Husbandry
31:43 Imperial Age
29:29 Hand Cart
31:00 Leather Archer Armor
31:43 Ballistics
32:35 Bracer
33:48 Chemistry
33:27 Crop Rotation
33:37 Stone Shaft Mining
34:12 Parthian Tactics
35:26 Ring Archer Armor
36:28 Scale Barding Armor
37:53 Chain Barding Armor
37:59 Conscription
38:22 Masonry
38:33 Forging
39:12 Elite Tiger Cavalry
42:58 Ming Guang Armor
44:00 Iron Casting
44:52 Hoardings
44:15 Onager
45:00 Light Cavalry
47:21 Tuntian
48:33 Blast Furnace
48:46 Hussar
50:35 Caravan
63:24 Elite Skirmisher
67:00 Heavy Hei Guang Cavalry
72:31 Treadmill Crane
72:49 Murder Holes
DSLG | Rommel
7:25 Loom
9:49 Feudal Age
14:21 Castle Age
13:21 Double-Bit Axe
16:58 Sanctity
18:33 Fervor
22:08 Fletching
24:45 Redemption
32:02 Wheelbarrow
31:37 Bodkin Arrow
32:25 Horse Collar
32:56 Bow Saw
34:17 Fortified Wall
35:51 Chemistry
35:35 Masonry
36:33 Ballistics
36:24 Heavy Plow
38:30 Padded Archer Armor
39:46 Wagenburg Tactics
41:28 Elite Skirmisher
44:16 Pikeman
44:56 Squires
44:42 Arson
48:05 Imperial Age
46:10 Hand Cart
47:50 Forging
47:41 Scale Mail Armor
47:57 Leather Archer Armor
49:38 Iron Casting
50:11 Chain Mail Armor
51:47 Two-Man Saw
50:50 Halberdier
53:35 Plate Mail Armor
57:39 Town Watch
58:52 Guilds
59:45 Blast Furnace
58:45 Bracer
60:16 Houfnice
62:24 Ring Archer Armor
63:24 Conscription
79:25 Coinage
78:20 Onager
北九州最強ACE
10:34 Feudal Age
14:36 Castle Age
13:32 Double-Bit Axe
13:31 Horse Collar
14:28 Loom
15:41 Bow Saw
19:01 Gold Mining
19:24 Town Watch
22:29 Sanctity
27:11 Redemption
29:16 Scale Mail Armor
29:56 Fletching
32:06 Forging
32:33 Bodkin Arrow
36:16 Padded Archer Armor
39:06 Leather Archer Armor
39:50 Heavy Plow
43:34 Imperial Age
40:59 Crossbowman
42:14 Stone Mining
43:28 Gold Shaft Mining
43:39 Arbalester
44:31 Thumb Ring
44:55 Ballistics
44:41 Bracer
45:30 Conscription
46:26 Wheelbarrow
46:56 Ring Archer Armor
48:08 Chemistry
48:12 Hand Cart
48:14 Chain Mail Armor
48:34 Iron Casting
47:23 Elite Skirmisher
49:50 Crop Rotation
51:02 Elite Kamayuk
53:02 Plate Mail Armor
52:44 Capped Ram
54:29 Blast Furnace
53:34 Caravan
54:05 Coinage
53:40 Siege Ram
56:01 Banking
55:42 Guilds
55:45 Heavy Scorpion
57:07 Andean Sling
59:11 Fabric Shields
62:31 Blast Furnace
61:44 Masonry
61:39 Siege Engineers
62:23 Sappers
63:28 Hoardings
64:22 Arson
64:37 Squires
63:58 Pikeman
64:35 Champi Runner
66:14 Champi Warrior
66:14 Halberdier
67:06 Elite Champi Warrior
69:31 Murder Holes
69:46 Careening
69:47 Fortified Wall
78:49 Town Patrol
小花花
10:50 Feudal Age
14:56 Castle Age
13:35 Double-Bit Axe
16:56 Bow Saw
23:35 Loom
24:26 Wheelbarrow
24:07 Gold Mining
24:08 Stone Mining
25:31 Gold Shaft Mining
28:22 Hand Cart
31:04 Imperial Age
28:52 Ordonnance Companies
29:54 Scale Barding Armor
30:00 Forging
31:07 Chain Barding Armor
31:25 Husbandry
32:28 Iron Casting
31:37 Cavalier
33:46 Conscription
33:27 Chivalry
34:24 Plate Barding Armor
34:50 Blast Furnace
33:57 Paladin
46:31 Padded Archer Armor
46:22 Fletching
47:38 Chemistry
46:59 Ballistics
47:50 Light Cavalry
54:17 Bodkin Arrow
54:38 Leather Archer Armor
54:27 Scale Mail Armor
57:43 Caravan
58:00 Elite Skirmisher
59:27 Chain Mail Armor
63:20 Squires
63:06 Arson
63:07 Gambesons
62:43 Pikeman
67:22 Halberdier
Connection lost

Rejoining the realm…

Still unreachable

The connection could not be restored.

Session expired

The server has moved on; the page needs a fresh start.